 Dungeon Crawl Stone Soup version 0.29.0-5-ge4962eb29e (webtiles) character file.

Game seed: 3752676093663298209

573346 jt the Envoy of Void (level 25, -8/254 (255) HPs)
             Began as a Hill Orc Abyssal Knight on Aug 28, 2022.
             Was a High Priest of Lugonu.
             Mangled by a balrug
             ... wielding a +2 demon whip of draining
              (11 damage)
             ... on level 4 of the Abyss.
             The game lasted 04:58:10 (59952 turns).

jt the Envoy of Void (Hill Orc Abyssal Knight)     Turns: 59952, Time: 04:58:10

HP:   -8/254 (255)  AC: 28    Str: 24      XL:     25   Next: 8%
MP:   39/40         EV: 10    Int: 18 (19) God:    Lugonu [*****.]
Gold: 937           SH: 17    Dex: 17      Spells: 31/34 levels left

rFire   + . .      SeeInvis +   a - +9 broad axe (vamp)
rCold   + . .      Faith    .   F - +1 kite shield of the Rotten Hot Ocelot {rElec rC- rN+ Stlth+}
rNeg    + + .      Spirit   .   J - quicksilver dragon scales
rPois   +          Reflect  .   o - +3 helmet of Negation {Int+2}
rElec   +          Harm     .   P - scarf {rC+ rF+}
rCorr   .          Rampage  .   v - +3 pair of gauntlets of War {Slay+5}
Will    ++...                   p - +2 pair of boots of Zin's Esteem {Drain rPois Int+7}
Stlth   ++........              x - amulet of regeneration
HPRegen 1.32/turn               E - ring of see invisible
MPRegen 0.27/turn               g - ring of Denuj {rN+ Dex+8}

@: wereblooded, constricted, studying 3 skills, lightly drained
A: clumsy 1, cold resistance 1, poison resistance, screaming 1, weak 2,
inability to read after injury 1, [no potion heal 1]
}: 6/15 runes: decaying, slimy, silver, abyssal, demonic, gossamer
a: Renounce Religion, Depart the Abyss, Bend Space, Banish, Corrupt, Enter the
Abyss


You were on level 4 of the Abyss.
You worshipped Lugonu.
Lugonu was extremely pleased with you.
You visited 10 branches of the dungeon, and saw 45 of its levels.
You visited Pandemonium 2 times, and saw 4 of its levels.
You visited the Abyss 7 times.
You visited 1 bazaar.
You also visited: Sewer and Gauntlet.

You collected 5913 gold pieces.
You spent 4976 gold pieces at shops.

Inventory:

Hand Weapons
 a - a +9 vampiric broad axe (weapon)
 b - the +5 trident "Vaeti" {freeze, *Noise rPois Will+ Dex+4}
   (You found it on level 2 of the Lair of Beasts)

   It freezes those it strikes, dealing additional cold damage.
   It can also slow down cold-blooded creatures.
   Dex:       It affects your dexterity (+4).
   rPois:     It protects you from poison.
   *Noise:    It may make noises in combat.
   Will:      It increases your willpower.
 i - a +2 broad axe of distortion
 Q - the +11 demon trident "Vuhihi" {pain, rC+ Dex+3}
   (You found it on level 5 of the Pits of Slime)

   In the hands of one skilled in necromantic magic, it inflicts extra damage on
   living creatures.
   Dex:       It affects your dexterity (+3).
   rC:        It protects you from cold.
Missiles
 T - 10 javelins (quivered)
Armour
 o - the +3 helmet of Negation (worn) {Int+2}
   (You found it in a Gauntlet)

   Int:       It affects your intelligence (+2).
 p - the +2 pair of boots of Zin's Esteem (worn) {Drain rPois Int+7}
   (You acquired it on level 3 of the Spider Nest)

   Int:       It affects your intelligence (+7).
   rPois:     It protects you from poison.
   Drain:     It drains your maximum health when unequipped.
 u - the +0 pair of boots "Lyur" {rN++ Int+3}
   (You acquired it in Pandemonium)

   Int:       It affects your intelligence (+3).
   rN:        It greatly protects you from negative energy.
 v - the +3 pair of gauntlets of War (worn) {Slay+5}
   (You found it in a Gauntlet)

   Slay:      It affects your accuracy & damage with ranged weapons and melee
   (+5).
 B - a +2 plate armour of poison resistance
 F - the +1 kite shield of the Rotten Hot Ocelot (worn) {rElec rC- rN+ Stlth+}
   (You took it off Asterion on level 2 of the Elven Halls)

   rC:        It makes you vulnerable to cold.
   rElec:     It insulates you from electricity.
   rN:        It protects you from negative energy.
   Stlth:     It makes you more stealthy.
 J - quicksilver dragon scales (worn)
 P - a scarf of resistance (worn)
Jewellery
 d - a +4 ring of slaying
 g - the ring of Denuj (right hand) {rN+ Dex+8}
   (You bought it in a shop on level 1 of the Dungeon)

   [ring of positive energy]

   Dex:       It affects your dexterity (+8).
   rN:        It protects you from negative energy.
 s - the ring of Unagg {rElec Will+ rCorr Int-3 Stlth+}
   (You took it off a frost giant on level 5 of the Vaults)

   [ring of willpower]

   Int:       It affects your intelligence (-3).
   rElec:     It insulates you from electricity.
   rCorr:     It protects you from acid and corrosion.
   Will:      It increases your willpower.
   Stlth:     It makes you more stealthy.
 x - an amulet of regeneration (around neck)
 E - a ring of see invisible (left hand)
 K - a ring of protection from fire
 N - a ring of flight
Wands
 m - a wand of charming (12)
 z - a wand of mindburst (26)
 D - a wand of roots (3)
 O - a wand of polymorph (14)
 S - a wand of flame (55)
 Y - a wand of light (8)
 Z - a wand of digging (26)
Scrolls
 q - a scroll of butterflies
 r - 5 scrolls of immolation
 M - a scroll of fear
 R - a scroll of teleportation
 U - 4 scrolls of enchant armour
 X - 11 scrolls of vulnerability
Potions
 c - a potion of invisibility
 e - 5 potions of ambrosia
 f - a potion of cancellation
 h - 5 potions of magic
 j - 2 potions of might
 l - 2 potions of flight
 t - 4 potions of resistance
 G - 17 potions of curing
 H - 2 potions of haste
 L - 8 potions of mutation
Miscellaneous
 k - a box of beasts
 n - a phial of floods
 w - a phantom mirror
 A - a tin of tremorstones (2/2)
 V - a condenser vane
 W - the horn of Geryon


   Skills:
 + Level 26.4 Fighting
 - Level 18.0 Axes
 - Level 2.0 Throwing
 + Level 16.0 Armour
 - Level 5.0 Dodging
 + Level 20.0 Shields
 - Level 5.0 Spellcasting
 - Level 4.0 Translocations
 - Level 5.0 Transmutations
 O Level 27 Invocations
 + Level 13.8 Evocations


You had 31 spell levels left.
You knew the following spells:

 Your Spells              Type           Power      Damage    Failure   Level
a - Wereblood             Tmut           22%        N/A       4%          2
b - Apportation           Tloc           36%        N/A       4%          1

Your spell library contained the following spells:

 Spells                   Type           Power      Damage    Failure   Level
 Beastly Appendage        Tmut           44%        N/A       3%          1
 Blink                    Tloc           36%        N/A       7%          2
 Gell's Gravitas          Tloc           18%        N/A       14%         3
 Lesser Beckoning         Tloc           18%        N/A       14%         3
 Teleport Other           Tloc           18%        N/A       14%         3
 Freeze                   Ice            16%        1d4       24%         1
 Magic Dart               Conj           16%        1d3       24%         1
 Shock                    Conj/Air       16%        1d4       24%         1
 Summon Small Mammal      Summ           16%        N/A       24%         1
 Spider Form              Tmut/Pois      13%        N/A       26%         3
 Call Imp                 Summ           4%         N/A       36%         2
 Poisonous Vapours        Pois/Air       8%         N/A       36%         2
 Static Discharge         Conj/Air       4%         3-4/arc   36%         2
 Sublimation of Blood     Necr           4%         N/A       36%         2
 Passage of Golubria      Tloc           18%        N/A       43%         4
 Call Canine Familiar     Summ           4%         N/A       58%         3
 Dazzling Flash           Conj/Hex       8%         N/A       58%         3
 Frozen Ramparts          Ice            8%         1d2       58%         3
 Inner Flame              Hex/Fire       4%         N/A       58%         3
 Mephitic Cloud           Conj/Pois/Air  4%         N/A       58%         3
 Ozocubu's Armour         Ice            4%         N/A       58%         3
 Stone Arrow              Conj/Erth      8%         3d7       58%         3
 Summon Guardian Golem    Hex/Summ       4%         N/A       58%         3
 Swiftness                Air            4%         N/A       58%         3
 Tukima's Dance           Hex            4%         N/A       58%         3
 Ice Form                 Ice/Tmut       13%        N/A       65%         4
 Petrify                  Tmut/Erth      13%        N/A       65%         4
 Blade Hands              Tmut           11%        N/A       65%         5
 Iskenderun's Mystic Bla  Conj/Tloc      11%        2d4       71%         4
 Manifold Assault         Tloc           18%        N/A       78%         5
 Airstrike                Air            2%         2d(1-17)  94%         4
 Anguish                  Hex/Necr       2%         N/A       94%         4
 Animate Armour           Summ/Erth      8%         N/A       94%         4
 Animate Dead             Necr           4%         N/A       94%         4
 Cause Fear               Hex            2%         N/A       94%         4
 Corpse Rot               Necr/Pois/Air  4%         N/A       94%         4
 Dispel Undead            Necr           4%         3d7       94%         4
 Fulminant Prism          Conj/Hex       2%         3d6       94%         4
 Hailstorm                Conj/Ice       4%         3d4       94%         4
 Sticky Flame             Conj/Fire      4%         2d3       94%         4
 Summon Ice Beast         Ice/Summ       4%         N/A       94%         4
 Summon Lightning Spire   Summ/Air       4%         N/A       94%         4
 Irradiate                Conj/Tmut      6%         3d13      94%         5
 Yara's Violent Unravell  Hex/Tmut       6%         3d5       94%         5
 Agony                    Necr           4%         N/A       100%        5
 Borgnjor's Vile Clutch   Necr/Erth      2%         N/A       100%        5
 Fireball                 Conj/Fire      2%         3d4       100%        5
 Iskenderun's Battlesphe  Conj           4%         2d6       100%        5
 Lee's Rapid Deconstruct  Erth           2%         3d5*      100%        5
 Lightning Bolt           Conj/Air       2%         1d13      100%        5
 Metabolic Englaciation   Hex/Ice        2%         N/A       100%        5
 Summon Mana Viper        Hex/Summ       4%         N/A       100%        5
 Conjure Ball Lightning   Conj/Air       2%         3x3d6     100%        6
 Death Channel            Necr           2%         N/A       100%        6
 Dispersal                Tloc           9%         N/A       100%        6
 Iron Shot                Conj/Erth      2%         9d2       100%        6
 Simulacrum               Ice/Necr       2%         N/A       100%        6
 Starburst                Conj/Fire      2%         6d3       100%        6
 Statue Form              Tmut/Erth      8%         N/A       100%        6
 Dragon Form              Tmut           11%        N/A       100%        7
 Haunt                    Necr/Summ      2%         N/A       100%        7
 Malign Gateway           Summ/Tloc      5%         N/A       100%        7
 Monstrous Menagerie      Summ           2%         N/A       100%        7
 Orb of Destruction       Conj           2%         9d5       100%        7
 Spellforged Servitor     Conj/Summ      2%         N/A       100%        7
 Storm Form               Tmut/Air       6%         N/A       100%        7
 Discord                  Hex            2%         N/A       100%        8
 Ignition                 Fire           2%         3d3       100%        8
 Infestation              Necr           2%         N/A       100%        8
 Lehudib's Crystal Spear  Conj/Erth      2%         10d2      100%        8
 Maxwell's Capacitive Co  Air            2%         ∞         100%        8
 Summon Horrible Things   Summ           2%         N/A       100%        8
 Death's Door             Necr           2%         N/A       100%        9


Dungeon Overview and Level Annotations

Branches:
Dungeon (15/15)            Temple (1/1) D:5            Lair (5/5) D:9
  Swamp (4/4) Lair:2       Spider (4/4) Lair:2        Slime (5/5) Lair:4
    Orc (2/2) D:11            Elf (3/3) Orc:2        Vaults (5/5) D:13
  Crypt (0/3) Vaults:2     Depths (0/4) D:15           Hell (visited)
    Dis (0/7) Hell            Geh (0/7) Hell            Coc (0/7) Hell
    Tar (0/7) Hell          Sewer (visited)         Gauntlet (visited)

Altars:
Elyvilon
Gozag
Makhleb
Qazlal
Uskayaw
Vehumet
Wu Jian
Zin
The Shining One
Beogh
Jiyva

Shops:
D:1 =   Orc:2 :*[:*:[   Elf:1 *   Elf:2 (   Vaults:5 !!!(

Portals:
Hell: Lair:5
Pandemonium: Orc:2

Annotations:
D:3 1 runed translucent door, Crazy Yiuf
Orc:2 corrupted
Elf:2 3 runed translucent doors
Vaults:4 1 runed translucent door, handsome's ghost, veteran OpWn
Abyss:1 Maggie


Innate Abilities, Weirdness & Mutations

You are clumsy. (Dex -2)
Your flesh is cold resistant. (rC+)
Your system is resistant to poisons. (rPois)
You occasionally shout uncontrollably at your foes.
You are very weak. (Str -4)
You occasionally lose the ability to read scrolls when taking damage.
[Potions are less effective at restoring your health.]


Message History

The balrug gestures at you. Something smites you!
* * * LOW HITPOINT WARNING * * *
You block the sun demon's attack.
You slash the balrug!
The balrug is severely wounded.
You slash the sun demon! You slash the starspawn tentacle!
You slash the tentacled starspawn!
The balrug hits you with a +2 demon whip of draining.
* * * LOW HITPOINT WARNING * * *
You are engulfed in flames!
You resist.
* * * LOW HITPOINT WARNING * * *
You partially resist.
You feel drained. You block the sun demon's attack.
Unknown command.
Unknown command.
Unknown command.
Unknown command.
Unknown command.
Unknown command.
As you read the scroll of summoning, it crumbles to dust.
Wisps of shadow whirl around you... The balrug closely misses you.
The starspawn tentacle grabs you. The starspawn tentacle constricts you.
The sun demon hits you!
* * * LOW HITPOINT WARNING * * *
You are engulfed in flames!
You resist.
* * * LOW HITPOINT WARNING * * *
A shadow dragon comes into view.
You block the tentacled starspawn's attack.
The tentacled starspawn tentacle-slaps you but does no damage.
Okay, then.
Okay, then.
Press: ? - help, v - describe, . - travel
Here: a sun demon (severely wounded)
The floor.
Your system partially rejects the healing.
You feel better.
The balrug hits you with a +2 demon whip of draining.
* * * LOW HITPOINT WARNING * * *
You are engulfed in flames!
You resist.
You die...

## .##.
..##...
.#.#.D ##
....##
..#....#
...X.##
#32#.##..#
#.@.X..#
###wX##§##
#..#.\# #
#####.w#
#.#§##
.#.## . .
# . #.#


h.v #### †# ##### . hp ..... . You could see a shadow dragon, a tentacled
starspawn, a balrug (ally target), a sun demon, 2 starspawn tentacles and 2
friendly large abominations.

Vanquished Creatures
  the Royal Jelly (Slime:5)
  Dissolution (Slime:4)
  2 dread liches (Vaults:5)
  Mara (Vaults:5)
  An ancient lich (Abyss:3)
  A juggernaut (Abyss:3)
  the Lernaean hydra (Swamp:4)
  Geryon (Hell)
  Saint Roka (Elf:3)
  A bone dragon (Abyss:3)
  A profane servitor (Abyss:4)
  4 Tzitzimimeh (Pan)
  4 tentacled monstrosities
  A lich (Abyss:2)
  8 titans
  Asterion (Elf:2)
  3 quicksilver dragons (Vaults:5)
  2 deep elf blademasters (Elf:3)
  7 tentacled starspawn
  20 acid blobs
  2 deep elf master archers (Elf:3)
  Frances (Spider:2)
  An Executioner (Pan)
  2 shadow dragons (Vaults:5)
  The ghost of yokelz the Bludgeoner, an adept MiFi of Ru (Swamp:4)
  4 sphinxes
  3 tengu reavers
  Kirke (D:14)
  2 thorn hunters
  3 storm dragons (Vaults:5)
  3 demonspawn warmongers (Pan)
  11 azure jellies
  A nargun (Abyss:2)
  8 rockslimes
  2 fire giants
  2 deep elf sorcerers (Elf:3)
  25 vault wardens
  Louise (Elf:1)
  7 emperor scorpions
  3 frost giants (Vaults:5)
  5 iron dragons
  An angel (Abyss:3)
  A ghost moth (Spider:4)
  A juggernaut zombie (Hell)
  3 balrugs
  2 ghouls (Swamp:4)
  A cacodemon (Pan)
  A demonspawn corrupter (Pan)
  3 deep elf elementalists
  9 very ugly things
  5 quicksilver oozes
  5 reapers
  2 broodmothers
  5 stone giants
  22 ironbound preservers
  7 war gargoyles
  7 ironbound thunderhulks
  2 ophanim (Abyss:3)
  A demonspawn black sun (Pan)
  A vampire knight (Vaults:2)
  The ghost of Amet the Severer, a journeyman MiBe of Trog (Swamp:2)
  2 lorocyprocas (Lair:5)
  An eleionoma (Swamp:3)
  8 deep elf annihilators
  3 bunyips
  16 dire elephants
  3 entropy weavers
  7 deep elf demonologists
  A spark wasp (Spider:4)
  A minotaur (Gauntlet)
  2 deep elf death magi
  A blizzard demon (Abyss:4)
  2 crystal guardians (Vaults:4)
  2 green deaths (Pan)
  A jiangshi (Vaults:2)
  14 yaktaur captains
  The ghost of Lochraine the Geomancer, a journeyman GrEE of Sif Muna (Lair:3)
  7 ettins (Vaults:5)
  5 deep elf high priests
  4 great orbs of eyes
  2 shambling mangroves
  Erolcha (Abyss:4)
  A rakshasa (D:15)
  28 vault guards
  4 peacekeepers
  3 boulder beetles
  2 demonspawn (Orc:2)
  5 ironbound frosthearts
  An ogre mage (Vaults:2)
  2 spriggan air magi
  13 centaur warriors
  A spriggan skeleton (Abyss:2)
  18 hydras
  A catoblepas (D:15)
  A death knight (Abyss:4)
  12 dancing weapons
  5 alligators
  3 radroaches (Spider:2)
  A two-headed ogre (D:12)
  2 tengu warriors (D:14)
  9 thrashing horrors
  8 hell hogs
  5 orc high priests
  2 deep troll earth magi
  19 sun demons
  6 deep elf knights
  5 soul eaters
  2 cherubim (Abyss:3)
  8 wretched stars
  3 skeletal warriors
  2 golden dragon zombies (Hell)
  A sun moth (Spider:4)
  3 pharaoh ants
  A spark wasp zombie (Hell)
  8 sixfirhies
  Lodul (D:13)
  2 spatial maelstroms (Abyss:4)
  4 glowing orange brains
  A shadow wraith (Vaults:2)
  5 steelbarb worms
  A death drake (shapeshifter) (Vaults:5)
  5 goliath frogs
  6 orb spiders
  2 shadow demons (Pan)
  An orange crystal statue (Gauntlet)
  61 deep trolls
  2 phantasmal warriors
  4 spriggan druids
  13 swamp dragons
  14 ironbound convokers
  19 starcursed masses
  Pikel (D:4)
  A shadow dragon zombie (Hell)
  12 bog bodies
  6 deep elf archers
  6 wizards
  2 anaconda zombies (Hell)
  6 lindwurms
  A sphinx zombie (Vaults:1)
  22 deep elf zephyrmancers
  5 harpies (Vaults:2)
  5 orc knights
  20 deep elf pyromancers
  4 necromancers
  3 stone giant zombies
  23 ugly things
  An anaconda skeleton (Hell)
  5 oklob plants (Lair:4)
  7 orc sorcerers
  17 wolf spiders
  5 cyclopes
  A fire giant zombie (Hell)
  A frost giant zombie (Hell)
  7 will-o-the-wisps
  A worldbinder (Abyss:2)
  5 moths of wrath
  3 shining eyes
  7 manticores
  A cyclops (shapeshifter) (Vaults:5)
  8 rust devils
  6 black mambas
  21 vault sentinels
  An eye of devastation (shapeshifter) (Elf:1)
  22 elephants
  3 eyes of devastation (Slime:5)
  2 torpor snails
  3 apocalypse crabs (Abyss:4)
  A molten gargoyle (Lair:3)
  12 smoke demons
  A black mamba (shapeshifter) (D:15)
  3 hellions
  11 cane toads
  An unseen horror (shapeshifter) (D:15)
  6 demonic crawlers
  8 orange demons
  3 unseen horrors
  10 ice devils
  A hellwing (Lair:5)
  A kobold demonologist (D:10)
  A tengu conjurer (D:15)
  4 efreet
  4 freezing wraiths
  8 rime drakes
  44 yaktaurs
  3 red devils
  2 yaktaurs (shapeshifter)
  A tormentor (Pan)
  5 ancient zymes
  A hydra zombie (Hell)
  8 komodo dragons
  A human skeleton (Vaults:1)
  4 trolls
  4 meliai
  A silent spectre (Abyss:4)
  A queen bee (D:14)
  3 polar bears
  A sea snake skeleton (Hell)
  5 hornets
  15 tarantellas
  A bloated husk (Swamp:1)
  12 tyrant leeches
  A blink frog (shapeshifter) (Elf:3)
  25 raiju
  5 dream sheep
  A raiju (shapeshifter) (Elf:1)
  103 slime creatures
  3 alligator zombies (Hell)
  A blink frog (Lair:5)
  4 spriggan zombies (Hell)
  3 air elementals
  The ghost of melvinkitnick the Conjurer, an amateur DECj (D:4)
  2 water elementals
  23 jumping spiders
  24 large abominations
  An alligator skeleton (Hell)
  14 culicivoras
  A wyvern (D:9)
  A human simulacrum (Vaults:1)
  2 vampires (D:13)
  6 spriggans
  An ettin skeleton (Vaults:1)
  4 ynoxinuls
  2 wraiths
  4 shadows
  A yak (shapeshifter) (Spider:2)
  6 hogs (D:14)
  16 yaks
  3 golden eyes (Slime:1)
  4 fire bats
  A sea snake simulacrum (Hell)
  2 basilisks
  6 neqoxecs
  4 fire elementals
  20 redbacks
  4 chaos spawn
  3 steam dragons
  9 vampire mosquitoes
  A glowing shapeshifter zombie (Hell)
  An ogre zombie (Vaults:1)
  14 swamp worms
  4 wargs
  Duvessa (D:6)
  5 acid dragons
  12 hell hounds
  18 water moccasins
  Pargi (Sewer)
  10 swamp drakes
  26 orc warriors
  A glowing shapeshifter skeleton (Vaults:1)
  4 black bears
  3 boggarts
  2 ice beasts
  13 ogres
  7 centaurs
  6 wolves
  2 phantoms
  3 lemures
  4 elf zombies (Elf:1)
  4 kobold brigands
  A gnoll sergeant (D:10)
  Blork the orc (Abyss:4)
  9 small abominations
  A wyvern zombie (D:4)
  11 bullfrogs
  3 scorpions
  An earth elemental (Elf:1)
  14 wights
  Dowan (D:6)
  16 killer bees
  2 howler monkeys (D:11)
  4 electric eels
  21 orc priests
  4 gnoll boudas
  3 hounds (D:5)
  An iron imp (Abyss:4)
  4 jellies
  An iguana (D:5)
  Natasha (thrice) (D:4)
  11 orc wizards
  Robin (D:3)
  12 gnolls
  A howler monkey skeleton (D:4)
  9 adders
  3 shadow imps
  2 white imps
  2 ufetubi
  A worm (D:2)
  The ghost of zkyp the Sneak, a weakling DgDe (D:3)
  2 dart slugs (D:2)
  55 orcs
  9 ball pythons
  9 endoplasms
  3 giant cockroaches
  16 goblins
  6 hobgoblins
  4 jackals (D:1)
  5 quokkas
  9 bats
  5 frilled lizards
  27 kobolds
  5 rats
  A ball lightning (Pan)
  5 briar patches (Swamp:2)
  A lurking horror (Abyss:4)
  11 starspawn tentacles
1841 creatures vanquished.

Vanquished Creatures (collateral kills)
  An ancient lich (Vaults:5)
  Frederick (Vaults:5)
  Jory (Vaults:5)
  A titan (Vaults:5)
  A daeva (Abyss:4)
  An azure jelly (Slime:5)
  2 rockslimes
  A curse skull (Lair:5)
  A cacodemon (Pan)
  A quicksilver ooze (Slime:5)
  A stone giant (Vaults:5)
  A yaktaur captain (Vaults:5)
  A rakshasa (Abyss:4)
  A sun demon (Lair:5)
  2 shining eyes
  An eye of devastation (Slime:3)
  A vault sentinel (Vaults:5)
  A slime creature (Slime:3)
  A fire bat (Pan)
21 creatures vanquished.

Vanquished Creatures (others)
  2 pandemonium lords (Pan)
  A Tzitzimitl (Pan)
  A reaper (Pan)
  Azrael (Orc:2)
  2 demonspawn black suns (Pan)
  A lorocyproca (Pan)
  A blizzard demon (Pan)
  2 deep elf knights (Elf:2)
  2 sun demons (Pan)
  A sixfirhy (Pan)
  2 shadow demons (Pan)
  2 wizards (Gauntlet)
  A deep elf pyromancer (Elf:1)
  A smoke demon (Pan)
  An orange demon (Pan)
  A rust devil (Pan)
  A demonic crawler (Pan)
  A tormentor (Pan)
  3 hellwings (Pan)
  A troll (Orc:2)
  2 hornets (Swamp:4)
  A jumping spider (Spider:4)
  3 spriggans (Swamp:4)
  4 ynoxinuls
  A fire elemental (Orc:2)
  A yak (shapeshifter) (Gauntlet)
  A redback (Spider:2)
  2 neqoxecs (Pan)
  A hog (shapeshifter) (Gauntlet)
  A warg (Orc:2)
  6 hell hounds (Orc:2)
  A floating eye (shapeshifter) (Gauntlet)
  2 swamp drakes (Swamp:4)
  4 orc warriors (Orc:2)
  An ogre (Orc:2)
  A boggart (Vaults:3)
  6 orc priests (Orc:2)
  5 orc wizards (Orc:2)
  3 shadow imps (Gauntlet)
  3 white imps
  7 orcs (Orc:2)
  5 ball lightnings (Pan)
  5 briar patches (Swamp:2)
  29 foxfires
  85 fungi
  A lurking horror (Abyss:4)
  85 plants
  28 starspawn tentacles
322 creatures vanquished.

Grand Total: 2184 creatures vanquished

Notes
Turn   | Place    | Note
-------+----------+-------------------------------------------
     0 | Abyss:1  | jt the Hill Orc Abyssal Knight began the quest for the Orb.
     0 | Abyss:1  | Reached XP level 1. HP: 19/19 MP: 2/2
     1 | D:1      | Escaped the Abyss
   205 | D:1      | Reached XP level 2. HP: 26/26 MP: 3/3
   474 | D:1      | Reached XP level 3. HP: 31/31 MP: 4/4
   530 | D:1      | Reached *** piety under Lugonu
   578 | D:1      | Found a faded altar of an unknown god.
   586 | D:1      | Got Plato's Grimoire of Dislocation
   638 | D:1      | Found Ykhlewel's Jewellery Shop.
   842 | D:2      | Reached XP level 4. HP: 39/39 MP: 5/5
  1383 | D:3      | Found a runed translucent door.
  1394 | D:3      | Noticed zkyp's ghost (weakling DgDe)
  1418 | D:3      | Noticed a water moccasin
  1443 | D:3      | Killed a water moccasin
  1444 | D:3      | Reached skill level 5 in Axes
  1444 | D:3      | Reached skill level 3 in Invocations
  1444 | D:3      | Reached XP level 5. HP: 38/45 MP: 7/7
  1662 | D:3      | You fall into a shaft and drop 2 floors!
  1662 | D:5      | Entered Level 5 of the Dungeon
  1880 | D:4      | Identified the +6 ring mail of the Bulwark {Str+2}
  1903 | D:4      | Found a runed translucent gate.
  1903 | D:4      | Found a runed translucent gate.
  1904 | D:4      | Found a runed translucent gate.
  1905 | D:4      | Noticed melvinkitnick's ghost (amateur DECj)
  1988 | D:2      | Reached skill level 4 in Invocations
  1988 | D:2      | Reached XP level 6. HP: 30/51 MP: 7/9
  2346 | D:3      | Found an ornate altar of the Wu Jian Council.
  2380 | D:3      | Reached **** piety under Lugonu
  2381 | D:3      | Noticed Robin
  2390 | D:3      | Killed Robin
  2524 | D:3      | Found a runed translucent door.
  2525 | D:3      | Noticed Crazy Yiuf
  2790 | D:3      | Killed zkyp's ghost
  2905 | D:4      | Noticed Blork the orc
  3224 | D:4      | Banished Blork the orc
  3225 | D:4      | Reached skill level 5 in Invocations
  3262 | D:4      | Found an opulent altar of Gozag.
  3262 | D:4      | Noticed Natasha
  3270 | D:4      | Killed Natasha
  3344 | D:4      | Reached XP level 7. HP: 55/57 MP: 9/11
  3366 | D:4      | Noticed Natasha
  3372 | D:4      | Killed Natasha
  3420 | D:4      | Identified the +0 ring mail of Somusk {rF+}
  3426 | D:4      | Found a radiant altar of Vehumet.
  3462 | D:4      | Noticed Pikel
  3538 | D:4      | Noticed Natasha
  3552 | D:4      | Killed Natasha
  3635 | D:5      | Found a staircase to the Ecumenical Temple.
  3652 | Temple   | Entered the Ecumenical Temple
  3750 | D:5      | Reached skill level 6 in Invocations
  4000 | D:5      | Reached skill level 1 in Throwing
  4233 | D:5      | Found a hide-covered altar of Uskayaw.
  4322 | D:5      | Reached skill level 7 in Invocations
  4322 | D:5      | Reached XP level 8. HP: 64/64 MP: 8/13
  4584 | D:5      | Reached skill level 8 in Invocations
  4975 | D:4      | Killed Pikel
  4976 | D:4      | Reached skill level 10 in Axes
  4976 | D:4      | Reached skill level 9 in Invocations
  4976 | D:4      | Reached XP level 9. HP: 36/70 MP: 14/16
  5633 | D:6      | Found a glowing drain.
  5657 | Sewer    | Entered a sewer
  5683 | Sewer    | Noticed Pargi
  5690 | Sewer    | Killed Pargi
  5780 | D:6      | Reached skill level 10 in Invocations
  6205 | D:6      | Noticed Duvessa
  6205 | D:6      | Noticed Dowan
  6206 | D:6      | Identified a scroll of acquirement
  6216 | D:6      | Killed Duvessa
  6238 | D:6      | Killed Dowan
  6595 | D:6      | Acquired the amulet "Nolez" {Acrobat Will+}
  6804 | D:7      | Reached skill level 11 in Invocations
  7417 | D:7      | Gained mutation: Your system is resistant to poisons.
                  | (rPois) [potion of mutation]
  7417 | D:7      | Gained mutation: Your flesh is cold resistant. (rC+)
                  | [potion of mutation]
  7731 | D:7      | Reached skill level 12 in Invocations
  7731 | D:7      | Reached XP level 10. HP: 72/77 MP: 17/19
  8645 | D:8      | Noticed Maggie
  8652 | D:8      | Banished Maggie
  8653 | D:8      | Reached skill level 13 in Invocations
  9807 | D:9      | Found a white marble altar of Elyvilon.
  9807 | D:9      | Found a glowing silver altar of Zin.
  9807 | D:9      | Found a glowing golden altar of the Shining One.
  9927 | D:9      | Found a staircase to the Lair.
  9950 | D:9      | Reached skill level 5 in Fighting
 10035 | D:9      | Reached skill level 14 in Invocations
 10268 | D:9      | Reached XP level 11. HP: 79/88 MP: 21/21
 10533 | Lair:1   | Entered Level 1 of the Lair of Beasts
 10602 | Lair:1   | Reached skill level 15 in Axes
 11168 | Lair:1   | Identified the +2 leather armour of Meager Beauty {rF- rC+
                  | Int+3 Dex+3}
 11199 | Lair:1   | Identified the +0 robe of Udeastri {Drain rN+ Regen+ Str+7
                  | Stlth+}
 11756 | Lair:2   | Reached skill level 15 in Invocations
 12247 | Lair:2   | Identified the +5 trident "Vaeti" {freeze, *Noise rPois
                  | Will+ Dex+4}
 12584 | Lair:2   | Found a hole to the Spider Nest.
 12660 | Lair:2   | Reached XP level 12. HP: 45/103 MP: 23/23
 13150 | Lair:2   | Reached skill level 16 in Invocations
 13452 | Lair:2   | Found a staircase to the Swamp.
 14133 | Lair:3   | Reached skill level 10 in Fighting
 14395 | Lair:3   | Found a runed translucent door.
 14400 | Lair:3   | Noticed Lochraine's ghost (journeyman GrEE)
 14703 | Lair:3   | Reached skill level 17 in Invocations
 14727 | Lair:3   | Noticed a five-headed hydra
 14749 | Lair:3   | Killed a five-headed hydra
 15516 | Lair:4   | Noticed an eight-headed hydra
 15525 | Lair:4   | Killed an eight-headed hydra
 15769 | Lair:4   | Noticed a six-headed hydra
 15805 | Lair:4   | Reached ***** piety under Lugonu
 15838 | Lair:4   | Killed a six-headed hydra
 16240 | Lair:4   | Found a viscous altar of Jiyva.
 16394 | Lair:5   | Entered Level 5 of the Lair of Beasts
 16403 | Lair:5   | Reached skill level 18 in Invocations
 16403 | Lair:5   | Reached XP level 13. HP: 105/118 MP: 24/26
 16904 | Lair:4   | Reached skill level 19 in Invocations
 17500 | Lair:5   | Reached skill level 1 in Evocations
 17525 | Lair:5   | Found a burning altar of Makhleb.
 17531 | Lair:5   | Found a gateway to Hell.
 17694 | D:10     | Entered Level 10 of the Dungeon
 19061 | D:11     | Found a staircase to the Orcish Mines.
 19098 | D:11     | Found a roughly hewn altar of Beogh.
 19261 | Orc:1    | Entered Level 1 of the Orcish Mines
 19487 | Orc:1    | You fall into a shaft and drop 1 floor!
 19487 | Orc:2    | Entered Level 2 of the Orcish Mines
 19828 | Orc:2    | Found Xexeseaz's Book Emporium.
 19837 | Orc:2    | Found Loasivip's Book Shoppe.
 19848 | Orc:2    | Found a staircase to the Elven Halls.
 19848 | Orc:2    | Noticed an ettin
 19852 | Orc:2    | Banished an ettin
 20227 | Orc:2    | Noticed Azrael
 20229 | Orc:2    | Reached XP level 14. HP: 124/133 MP: 18/27
 20229 | Orc:2    | Corrupted Orc:2
 20229 | Orc:2    | Noticed a green draconian
 20229 | Orc:2    | Noticed a tentacled starspawn
 20243 | Orc:2    | Killed Azrael
 20259 | Orc:2    | Noticed a tentacled starspawn
 20329 | Orc:2    | Noticed a tentacled starspawn
 20638 | Orc:2    | Found Suq Gez's General Store.
 20758 | Orc:2    | Reached skill level 20 in Invocations
 21021 | Orc:2    | Found Rani Pup's Armour Boutique.
 21107 | Orc:2    | Found Zourr's General Store.
 21626 | Orc:2    | Reached skill level 15 in Fighting
 22613 | Orc:2    | Reached skill level 5 in Evocations
 23350 | Orc:2    | Found Qaexab Jedi's Book Shop.
 23350 | Orc:2    | Found Hiaggolefaeg's Antique Armour Boutique.
 23567 | Orc:2    | Found a one-way gate leading to the halls of Pandemonium.
 23571 | Orc:2    | Bought a pair of brightly glowing gloves for 304 gold
                  | pieces
 23571 | Orc:2    | Identified the +0 pair of gloves "Qoelos" {*Slow Will++
                  | Int+6} (You bought it in a shop on level 2 of the Orcish
                  | Mines)
 23624 | Orc:2    | Bought a scroll of summoning for 104 gold pieces
 23659 | Orc:2    | Bought a +0 pair of boots for 76 gold pieces
 23665 | Orc:2    | Bought the +5 scale mail of Vaynux {rElec} for 731 gold
                  | pieces
 23720 | Orc:1    | Noticed Erolcha
 23722 | Orc:1    | Banished Erolcha
 24239 | D:12     | Reached skill level 21 in Invocations
 24920 | D:13     | Noticed an ironbound preserver
 24921 | D:13     | Found a gate to the Vaults.
 25188 | D:13     | Noticed Lodul
 25222 | D:13     | Killed Lodul
 25379 | D:13     | Killed an ironbound preserver
 25380 | D:13     | Reached XP level 15. HP: 122/145 MP: 29/29
 25771 | D:14     | Noticed Kirke
 25780 | D:14     | Killed Kirke
 25872 | D:14     | Found a gate leading to a gauntlet.
 25883 | Gauntlet | Entered a Gauntlet
 25883 | Gauntlet | Found a transporter.
 25883 | Gauntlet | Found a transporter.
 25886 | Gauntlet | Found a transporter.
 25888 | Gauntlet | Found a transporter.
 25901 | Gauntlet | Found a transporter.
 25920 | Gauntlet | Found a transporter.
 25923 | Gauntlet | Found a transporter.
 25924 | Gauntlet | Found a transporter.
 25933 | Gauntlet | Found the +3 pair of gauntlets of War {Slay+5}
 25934 | Gauntlet | Found a transporter.
 25949 | Gauntlet | Found a runed translucent door.
 25950 | Gauntlet | Found a transporter.
 25951 | Gauntlet | Found a runed translucent door.
 25974 | Gauntlet | Found a transporter.
 25996 | Gauntlet | Found a transporter.
 26042 | Gauntlet | Found a transporter.
 26056 | Gauntlet | Found a transporter.
 26192 | Gauntlet | Identified the +3 helmet of Negation {Int+2}
 26215 | Gauntlet | Corrupted Gauntlet
 26215 | Gauntlet | Noticed a bone dragon
 26215 | Gauntlet | Noticed a bone dragon
 26215 | Gauntlet | Noticed a tentacled starspawn
 26215 | Gauntlet | Noticed a lich
 26215 | Gauntlet | Noticed an Executioner
 26217 | Gauntlet | Noticed a tentacled starspawn
 26235 | Gauntlet | Noticed a bone dragon
 26519 | Gauntlet | Identified the +1 robe of the Elven Halls {rCorr Stlth+}
 26971 | D:14     | Reached skill level 1 in Shields
 26971 | D:14     | Reached skill level 22 in Invocations
 27510 | D:15     | Entered Level 15 of the Dungeon
 27778 | D:15     | Noticed a fire giant
 27795 | D:15     | Killed a fire giant
 27799 | Abyss:2  | Found a corrupted altar of Lugonu.
 27799 | Abyss:2  | Cast into level 2 of the Abyss (a wizard)
 27841 | Abyss:2  | Noticed a profane servitor
 27842 | D:15     | Escaped the Abyss
 28121 | D:15     | Identified the +7 flail of Pyromania {vamp, rPois rN+}
 28313 | D:15     | Reached skill level 5 in Shields
 28313 | D:15     | Reached XP level 16. HP: 157/157 MP: 31/31
 28329 | D:15     | Found a staircase to the Depths.
 28559 | Spider:1 | Entered Level 1 of the Spider Nest
 28815 | Spider:1 | You fall into a shaft and drop 1 floor!
 28815 | Spider:2 | Noticed Frances
 28828 | Spider:2 | Killed Frances
 28877 | Spider:2 | Reached skill level 23 in Invocations
 29465 | Spider:3 | Acquired the +2 pair of boots of Zin's Esteem {Drain rPois
                  | Int+7}
 29490 | Spider:3 | Learned a level 2 spell: Wereblood
 29709 | Spider:4 | Entered Level 4 of the Spider Nest
 29732 | Spider:4 | Reached ****** piety under Lugonu
 30098 | Spider:3 | Got the Precepts of Hyperbolic Curses
 31714 | Spider:4 | Reached skill level 1 in Transmutations
 31737 | Spider:3 | Reached skill level 1 in Spellcasting
 31785 | Spider:4 | Reached skill level 5 in Armour
 31968 | Spider:4 | Reached XP level 17. HP: 128/168 MP: 32/32
 32606 | Spider:4 | Got a gossamer rune of Zot
 32920 | Swamp:1  | Entered Level 1 of the Swamp
 33259 | Swamp:2  | Identified the +8 mace of Taxation {vorpal, Dex+2}
 33282 | Swamp:2  | Found a runed translucent door.
 33285 | Swamp:2  | Noticed Amet's ghost (journeyman MiBe)
 33666 | Swamp:2  | Killed Amet's ghost
 33667 | Swamp:2  | Reached skill level 24 in Invocations
 34022 | Swamp:4  | Entered Level 4 of the Swamp
 34158 | Swamp:4  | Noticed a tentacled monstrosity
 34159 | Swamp:4  | Found a runed translucent gate.
 34159 | Swamp:4  | Found a runed translucent gate.
 34159 | Swamp:4  | Noticed yokelz's ghost (adept MiFi)
 34165 | Swamp:4  | Found a runed translucent gate.
 34253 | Swamp:4  | Reached skill level 10 in Shields
 34786 | Swamp:4  | Reached XP level 18. HP: 178/178 MP: 34/34
 34916 | Swamp:4  | Noticed the 27-headed Lernaean hydra
 34941 | Swamp:4  | Killed the 27-headed Lernaean hydra
 34986 | Swamp:4  | Killed a tentacled monstrosity
 35013 | Swamp:4  | Killed yokelz's ghost
 35082 | Swamp:4  | Got a decaying rune of Zot
 35701 | Vaults:1 | Entered Level 1 of the Vaults
 37091 | Vaults:1 | Reached skill level 25 in Invocations
 37091 | Vaults:1 | Reached XP level 19. HP: 184/187 MP: 35/35
 37101 | Vaults:1 | Reached skill level 5 in Transmutations
 37385 | Vaults:2 | Reached skill level 5 in Spellcasting
 37911 | Vaults:2 | Found a staircase to the Crypt.
 39579 | Vaults:3 | Reached XP level 20. HP: 168/198 MP: 36/36
 39861 | Vaults:3 | Reached skill level 26 in Invocations
 40493 | Vaults:4 | Paralysed by a sphinx for 5 turns
 40713 | Vaults:4 | Learned a level 1 spell: Apportation
 40892 | Vaults:4 | Reached skill level 10 in Evocations
 41175 | Vaults:4 | Identified the +8 shortbow of Roeb {freeze, Will+}
 41187 | Vaults:4 | Found a runed translucent door.
 41188 | Vaults:4 | Noticed handsome's ghost (veteran OpWn)
 42029 | D:1      | Bought the ring of Denuj {rN+ Dex+8} for 569 gold pieces
 42272 | Elf:1    | Entered Level 1 of the Elven Halls
 42272 | Elf:1    | Noticed Louise
 42343 | Abyss:2  | Cast into level 2 of the Abyss (Louise)
 42484 | Abyss:2  | Found a corrupted altar of Lugonu.
 42545 | Abyss:2  | Reached XP level 21. HP: 50/209 MP: 30/30
 42733 | Abyss:2  | Gained mutation: You are clumsy. (Dex -2) [a neqoxec]
 42811 | Abyss:2  | Reached skill level 15 in Shields
 42883 | Abyss:2  | Noticed a bone dragon
 43007 | Abyss:2  | Noticed an ancient lich
 43023 | Abyss:2  | Found a blossoming altar of Fedhas.
 43040 | Abyss:2  | Reached skill level 27 in Invocations
 43133 | Abyss:2  | Found a corrupted altar of Lugonu.
 43580 | Abyss:3  | Found a glowing golden altar of the Shining One.
 43638 | Abyss:3  | Noticed a juggernaut
 43656 | Abyss:3  | Killed a juggernaut
 43660 | Abyss:3  | Got an abyssal rune of Zot
 43719 | Elf:1    | Escaped the Abyss
 44078 | Elf:1    | Killed Louise
 44392 | Elf:1    | Got the Volume of Blasphemous Deeds
 44543 | Elf:1    | Found Wedacze's Assorted Antiques.
 44546 | Elf:1    | Bought a potion of heal wounds for 180 gold pieces
 44546 | Elf:1    | Bought a scroll of enchant weapon for 270 gold pieces
 44551 | Elf:1    | Bought a scroll of enchant armour for 270 gold pieces
 44553 | Elf:1    | Bought a knobbly sapphire ring for 180 gold pieces
 44567 | Elf:1    | Paralysed by an air elemental for 1 turns
 45104 | Elf:2    | Paralysed by an air elemental for 1 turns
 45146 | Elf:2    | Reached skill level 10 in Armour
 45151 | Elf:2    | Found a runed translucent gate.
 45151 | Elf:2    | Found a runed translucent gate.
 45151 | Elf:2    | Found a runed translucent gate.
 45209 | Elf:2    | Identified the +1 kite shield of the Rotten Hot Ocelot
                  | {rElec rC- rN+ Stlth+}
 45209 | Elf:2    | Noticed Asterion
 45214 | Elf:2    | Found Usu Lock's Weapon Shoppe.
 45225 | Elf:2    | Killed Asterion
 45527 | Elf:3    | Entered Level 3 of the Elven Halls
 45665 | Elf:3    | Found a flickering gateway to a bazaar.
 45693 | Bazaar   | Entered a bazaar
 45714 | Bazaar   | Found Uheamiof's Distillery.
 45730 | Bazaar   | Found Dysikiw's Assorted Antiques.
 45730 | Bazaar   | Found Ariladu's Book Emporium.
 45752 | Bazaar   | Found Qiylu's Armour Emporium.
 45819 | Bazaar   | Bought a potion of heal wounds for 60 gold pieces
 45833 | Bazaar   | Bought a masterwork chain mail for 199 gold pieces
 45833 | Bazaar   | Identified the +4 chain mail "Feuce" {Dex+3} (You bought it
                  | in a shop in a bazaar)
 45833 | Bazaar   | Bought a glowing broad axe for 147 gold pieces
 45833 | Bazaar   | Bought a wand of roots (4) for 201 gold pieces
 45833 | Bazaar   | Bought a potion of curing for 63 gold pieces
 45833 | Bazaar   | Bought a scroll of teleportation for 63 gold pieces
 45833 | Bazaar   | Bought a scroll of summoning for 199 gold pieces
 45847 | Bazaar   | Bought a potion of curing for 36 gold pieces
 45847 | Bazaar   | Bought a potion of mutation for 96 gold pieces
 45899 | Elf:3    | Identified a +2 broad axe of distortion (a +0 broad axe of
                  | freezing corrupted by Lugonu)
 45899 | Elf:3    | Received a gift from Lugonu
 46053 | Elf:3    | Noticed Saint Roka
 46088 | Elf:3    | Killed Saint Roka
 46518 | Abyss:3  | Cast into level 3 of the Abyss (a deep elf sorcerer)
 46529 | Abyss:3  | Noticed a bone dragon
 46547 | Abyss:3  | Killed an ancient lich
 46573 | Abyss:3  | Killed a bone dragon
 46600 | Elf:3    | Escaped the Abyss
 46819 | Elf:3    | Reached XP level 22. HP: 207/222 MP: 39/39
 46847 | Elf:3    | Identified the +4 bardiche of Deformation {vorpal, rF++
                  | Stlth-}
 46848 | Elf:3    | Identified the +10 dire flail of Massacring {spect, rF+}
 47228 | Elf:3    | Got the Enchiridion on Terrain and the Birds
 47730 | Lair:4   | Found a staircase to the Slime Pits.
 47745 | Lair:4   | Reached skill level 1 in Dodging
 47793 | Slime:1  | Entered Level 1 of the Pits of Slime
 49429 | Slime:5  | Entered Level 5 of the Pits of Slime
 49460 | Slime:5  | Reached skill level 1 in Translocations
 49479 | Slime:5  | Noticed the Royal Jelly
 49500 | Slime:5  | Killed the Royal Jelly
 50002 | Slime:4  | Gained mutation: You occasionally lose the ability to read
                  | scrolls when taking damage. [a shining eye]
 50003 | Slime:4  | Gained mutation: You occasionally shout uncontrollably at
                  | your foes. [a shining eye]
 50005 | Slime:4  | Gained mutation: You are weak. (Str -2) [a shining eye]
 50259 | Slime:4  | Noticed Dissolution
 50301 | Slime:4  | Killed Dissolution
 50690 | Slime:5  | Identified the +7 battleaxe of Ruadoni {venom, rC+ Dex+3}
 50732 | Slime:5  | Identified the +11 demon trident "Vuhihi" {pain, rC+ Dex+3}
 50760 | Slime:5  | Identified the +0 robe of Paranoia {rF+}
 50767 | Slime:5  | Got a slimy rune of Zot
 50794 | Slime:5  | Identified the ring of Fomnivaw {Fire Dex+3}
 51305 | Pan      | Entered Pandemonium
 51325 | Pan      | Noticed Uxilebet the pandemonium lord
 51332 | Pan      | Killed Uxilebet the pandemonium lord
 51875 | Pan      | Reached XP level 23. HP: 48/232 MP: 40/40
 51974 | Orc:2    | Escaped Pandemonium
 52295 | Vaults:5 | Entered Level 5 of the Vaults
 52295 | Vaults:5 | Noticed Mara
 52330 | Vaults:5 | Noticed Jory
 52354 | Vaults:5 | Killed Jory
 52389 | Vaults:5 | Noticed a dread lich
 52391 | Vaults:5 | Paralysed by a dread lich for 3 turns
 52453 | Vaults:5 | Noticed an ancient lich
 52465 | Vaults:5 | Killed an ancient lich
 52466 | Vaults:5 | Reached skill level 5 in Dodging
 52497 | Vaults:5 | Got a silver rune of Zot
 52517 | Vaults:5 | Identified the +0 cloak "Vihuixkuq" {rC- rCorr Dex+5}
 52829 | Vaults:5 | Noticed jt's illusion
 52831 | Vaults:5 | Killed Mara
 52867 | Vaults:5 | Identified the amulet of Qit Xaokk {Acrobat rC+ Str+4 Dex-5
                  | SInv}
 52914 | Vaults:5 | Noticed a dread lich
 53100 | Vaults:5 | Identified the ring of Unagg {rElec Will+ rCorr Int-3
                  | Stlth+}
 53103 | Vaults:5 | Killed a dread lich
 53532 | Vaults:5 | Noticed Frederick
 53556 | Vaults:5 | Killed Frederick
 53672 | Vaults:5 | Found Nesaloiz's Distillery.
 53676 | Vaults:5 | Bought a potion of curing for 66 gold pieces
 53676 | Vaults:5 | Bought a potion of heal wounds for 110 gold pieces
 53676 | Vaults:5 | Bought 2 potions of curing for 132 gold pieces
 53676 | Vaults:5 | Bought a potion of curing for 66 gold pieces
 53676 | Vaults:5 | Bought 2 potions of might for 176 gold pieces
 53676 | Vaults:5 | Bought a potion of haste for 220 gold pieces
 53695 | Vaults:5 | Paralysed by a dread lich for 4 turns
 53704 | Vaults:5 | Paralysed by a dread lich for 3 turns
 53709 | Vaults:5 | Killed a dread lich
 53710 | Vaults:5 | Reached XP level 24. HP: 199/243 MP: 40/40
 53755 | Vaults:5 | Found Voyqaut's Distillery.
 53759 | Vaults:5 | Bought a potion of heal wounds for 80 gold pieces
 53759 | Vaults:5 | Bought a potion of might for 64 gold pieces
 53759 | Vaults:5 | Bought a potion of curing for 48 gold pieces
 53759 | Vaults:5 | Bought a potion of curing for 48 gold pieces
 53759 | Vaults:5 | Bought a potion of curing for 48 gold pieces
 53763 | Vaults:5 | Found Loyr's Distillery.
 53767 | Vaults:5 | Bought a potion of haste for 170 gold pieces
 54177 | Vaults:5 | Found Rihetuopp's Weapon Shop.
 54215 | Vaults:5 | Identified the +2 robe of Yredelemnul {+Blink rElec rF-
                  | Dex+2}
 54767 | D:4      | Killed melvinkitnick's ghost
 54984 | Lair:3   | Killed Lochraine's ghost
 55663 | Hell     | Entered the Vestibule of Hell
 55663 | Hell     | Noticed Geryon
 56086 | Lair:5   | HP: 12/244 [flying skull[a curse skull] (10)]
 57013 | Abyss:3  | Cast into level 3 of the Abyss (red devil)
 57042 | Hell     | Escaped the Abyss
 57085 | Hell     | Killed Geryon
 57086 | Hell     | Reached skill level 15 in Armour
 57158 | Hell     | Found a gateway to the freezing wastes of Cocytus.
 57242 | Hell     | Found a gateway to the Iron City of Dis.
 57295 | Hell     | Found a gateway to the ashen valley of Gehenna.
 57378 | Hell     | Found a gateway to the decaying netherworld of Tartarus.
 57887 | Pan      | Entered Pandemonium
 57906 | Pan      | Noticed Dimeoh the pandemonium lord
 57947 | Pan      | Corrupted Pan
 57975 | Pan      | Got a demonic rune of Zot
 58008 | Pan      | Killed Dimeoh the pandemonium lord
 58278 | Pan      | Gained mutation: You are very weak. (Str -4) [a cacodemon]
 58761 | Pan      | Acquired the +0 pair of boots "Lyur" {rN++ Int+3}
 58998 | Pan      | Noticed Laufuh Lyfo the pandemonium lord
 59148 | Pan      | Escaped the Abyss
 59165 | Abyss:4  | Cast into level 4 of the Abyss (Laufuh Lyfo)
 59195 | Abyss:4  | Killed Erolcha
 59223 | Abyss:4  | Killed Blork the orc
 59551 | Abyss:4  | Found a corrupted altar of Lugonu.
 59648 | Abyss:4  | Paralysed by accursed screaming for 1 turns
 59719 | Abyss:4  | Reached XP level 25. HP: 89/228 MP: 28/28
 59951 | Abyss:4  | HP: 9/254 [sun demon[a balrug] (15)]
 59951 | Abyss:4  | HP: 1/254 [sun demon[a balrug] (8)]
 59952 | Abyss:4  | Mangled by a balrug

Illustrated notes

Levels and vault maps discovered:
D:1:      matt_arrival_los_fun, layout_rooms, serial_forest,
          infiniplex_forest_lined_corner, infiniplex_forest_clump_cross,
          infiniplex_forest_straight_2, infiniplex_forest_straight_4,
          infiniplex_forest_straight_2, infiniplex_forest_lined_4_way,
          infiniplex_forest_clump_tiny, serial_shops, nicolae_shop_behind_doors,
          shapermc_ecumenical_altar_rom_forum, kennysheep_decorative_pillar,
          grunt_decor_cap
D:2:      layout_rooms
D:3:      layout_rooms, nzn_wu_jian_contemplation, ebering_ghost_sewer_d,
          uniq_robin, uniq_crazy_yiuf_cottage
D:4:      layout_layer_cave, amcnicky_altar_gilded,
          mainiacjoe_overflow_boulevard, gammafunk_ghost_necromancy,
          uniq_natasha, uniq_blork_the_orc, uniq_pikel
D:5:      layout_loops_ring, mainiacjoe_overflow_concentric_impassable,
          minmay_temple_entry_nine_rooms, serial_aquarium,
          aquarium_bridge_square [aquarium_subvault_bridge,
          aquarium_subvault_window, aquarium_subvault_bridge,
          aquarium_subvault_window], aquarium_window_2, aquarium_window_fake,
          aquarium_view_2d, aquarium_view_2g, aquarium_pool_2
D:6:      layout_loops_ring, gup_sewer_entry_glass,
          minmay_misc_feat_secret_circle, uniq_duvessa
D:7:      layout_layer_cave, minmay_manual_monstrance
D:8:      layout_loops_ring, uniq_maggie
D:9:      layout_gridville, dreamdust_divine_triumvirate,
          due_lair_maze_entry_diamond
D:10:     layout_stronghold
D:11:     layout_basic, minmay_orc_entry_temple_small
D:12:     layout_basic
D:13:     layout_roguey, skrybe_vaults_entry_preservation,
          kennysheep_cross_room, uniq_lodul
D:14:     layout_long_grid, gauntlet_entry_generic,
          nicolae_looking_at_the_future, uniq_kirke
D:15:     gammafunk_enter_depths_forms, layout_small_grid, minivault_19,
          minmay_bent
Temple:   regret_index_temple_waves
Lair:1:   layout_regular_city, grunt_megastairs_5, infiniplex_staircase_pool_2
Lair:2:   layout_cave_pods, nicolae_swamp_entry_splash_gauntlet,
          spider_nest_entry_web_field, grunt_megastairs_3
Lair:3:   layout_gridlike, ebering_ghost_reflecting_pool
Lair:4:   layout_concentric_octagons, minmay_slime_entry_oklob_enclosed
Lair:5:   evil_forest, layout_layer_cave, nicolae_lair_grove_arrangements,
          minmay_lair_drake_nest
Swamp:1:  layout_basic_swamp, evilmike_swamp_ruin_rubble_2, swamp_pool5
Swamp:2:  layout_basic_swamp, ebering_ghost_inner_flame,
          evilmike_swamp_ruin_house_6, swamp_pool1
Swamp:3:  layout_basic_swamp, evilmike_swamp_ruin_house_1
Swamp:4:  grunt_swamp_rune_castle, layout_basic_swamp, gammafunk_ghost_split
Spider:1: layout_spider_delve, ebering_ghost_xom, uniq_aizul
Spider:2: nicolae_spider_mines_1, hellmonk_deceptive_appearances, uniq_frances
Spider:3: layout_chambers
Spider:4: guppyfry_spider_rune
Slime:1:  layout_caves, cheibrodos_slime_lost_civilization_5
Slime:2:  layout_caves, cheibrodos_slime_lost_civilization_4
Slime:3:  layout_caves
Slime:4:  layout_caves, uniq_dissolution
Slime:5
Orc:1:    layout_caves, uniq_erolcha
Orc:2:    pf_orc_diabolical, layout_caves, serial_shops, shop,
          nicolae_shop_waterfront, shop, uniq_azrael
Elf:1:    minmay_elf_arrival_plus, layout_geoelf_diagonals, serial_shops,
          nicolae_shop_crystal, minmay_elf_necromancy, lemuel_flamethrower_1,
          uniq_louise
Elf:2:    elven_hall_of_blades_hangedman_original
          [nicolae_blade_entry_sentries_behind_glass], layout_geoelf_octagon,
          serial_shops, shop, uniq_asterion
Elf:3:    elf_hall_gauntlet_narrow, layout_geoelf_castle, serial_shops,
          bzr_entry_gold, uniq_saint_roka
Vaults:1: ontoclasm_vaults_chip, v_misc_10, v_misc_22, v_rooms_6,
          nicolae_vaults_network_square, st_more_cells, grunt_vaults_twisty,
          ontoclasm_vaults_misaligned, layout_vaults_chaotic_city
Vaults:2: minmay_crypt_entry_simple_sparse, nicolae_vaults_network_quinsquares
          [nicolae_vaults_network_quincunx_subvault,
          nicolae_vaults_network_quincunx_subvault,
          nicolae_vaults_network_quincunx_subvault,
          nicolae_vaults_network_quincunx_subvault], vaults_room_large_hall,
          ontoclasm_vaults_eye, nicolae_vaults_theta, v_rooms_2,
          vaults_dpeg_hooks, ontoclasm_vaults_gallery, ontoclasm_vaults_spin,
          layout_vaults_ring
Vaults:3: grunt_vaults_focal, ontoclasm_vaults_pinch, vaults_room_grid,
          nicolae_vaults_little_squares_6, hangedman_vaults_nails,
          v_alt_pattern_6, nicolae_vaults_border_crossing,
          nicolae_vaults_shelves_hall, v_misc_30, layout_vaults_quadrants
Vaults:4: hellmonk_ghost_big_iron, v_misc_27, v_misc_22, vaults_room_corners,
          vaults_dpeg_diagonal, vaults_room_fancy_cross, v_misc_22,
          nicolae_vaults_specimen_jars, v_pattern_3, ontoclasm_vaults_twist,
          nicolae_vaults_alarming, layout_vaults_big_cross
Vaults:5: uniq_jory, uniq_mara, uniq_frederick
Hell
Abyss:4:  base: Zot:5, evilmike_abyss_exit_9, hangedman_eye_storm,
          evilmike_abyss_exit_9, abyss_exit_lava, bh_silent_lugonu_exit,
          guppyfry_abyss_exit_imp_island, hangedman_abyss_or_decor_clamps,
          hangedman_decor_points, evilmike_abyss_exit_3, minivault_25_ag,
          guppyfry_abyss_exit_imp_island
Pan:      evilmike_mini_pan_diamond, layout_chambers, rand_demon_1,
          layout_gridville, pan_blood_fountain, nicolae_pan_sigil_eeng,
          nicolae_pan_gloorx_vloqian_2, regret_index_pan_draining_boxed,
          layout_irregular_city, nicolae_pan_mnolegish_2, lemuel_hellion_island,
          layout_onion_city, pan_blood_fountain_small, nicolae_pan_mnolegish_1,
          reaverb_pan_figure_eight

Skill      XL: |  1  2  3  4  5  6  7  8  9 10 11 12 13 14 15 16 17 18 19 20 21 22 23 24 25 |
---------------+----------------------------------------------------------------------------+-----
Axes           | 3 4 5 6 7 8 10 12 14 16 18 | 18.0
Armour         | 3 4 5 7 8 11 12 14 15 16 | 16.0
Invocations    | 3 4 5 7 9 12 14 15 18 19 21 22 23 24 25 26 27 | 27.0
Throwing       | 1 2 |  2.0
Fighting       | 5 8 12 14 16 17 19 20 21 22 23 24 25 26 | 26.4
Evocations     | 3 5 6 8 10 12 13 | 13.8
Shields        | 5 8 10 11 13 14 16 17 18 19 20 | 20.0
Transmutations | 1 3 4 5 |  5.0
Spellcasting   | 1 3 4 5 |  5.0
Dodging        | 4 5 |  5.0
Translocations | 3 4 |  4.0

Action                   |  1- 3 |  4- 6 |  7- 9 | 10-12 | 13-15 | 16-18 | 19-21 | 22-24 | 25-27 || total
-------------------------+-------+-------+-------+-------+-------+-------+-------+-------+-------++-------
Melee: Hand axe          |    94 |   206 |   347 |   148 |       |       |       |       |       ||   795
       Punch             |       |     1 |     4 |    16 |    19 |       |       |       |       ||    40
       War axe           |       |       |    23 |   255 |       |       |       |       |       ||   278
       Staff             |       |       |     9 |       |       |       |       |       |       ||     9
       Trident           |       |       |       |   306 |   805 |    31 |     8 |       |       ||  1150
       Broad axe         |       |       |       |       |   624 |  1208 |  1593 |  1674 |    91 ||  5190
       Flail             |       |       |       |       |       |    26 |       |       |       ||    26
       Demon trident     |       |       |       |       |       |       |       |    11 |       ||    11
 Fire: Sling             |       |       |     9 |    11 |       |       |       |       |       ||    20
Throw: Stone             |    22 |    18 |    25 |     7 |       |       |       |       |       ||    72
       Boomerang         |       |       |    11 |    17 |    16 |       |       |       |       ||    44
       Dart              |       |       |    32 |    70 |    99 |   154 |    25 |       |       ||   380
       Javelin           |       |       |       |       |       |     8 |     3 |    21 |       ||    32
       Throwing net      |       |       |       |       |       |       |       |     2 |       ||     2
 Cast: Wereblood         |       |       |       |       |       |    20 |    31 |    29 |     1 ||    81
       Apportation       |       |       |       |       |       |       |     4 |     1 |       ||     5
Invok: Banish            |       |     1 |     3 |     3 |    13 |    12 |     1 |       |       ||    33
       Bend Space        |       |       |     3 |    12 |    11 |     6 |     5 |    15 |       ||    52
       Corrupt           |       |       |       |       |     2 |       |       |     1 |       ||     3
       Depart the Abyss  |       |       |       |       |     1 |       |     1 |     1 |       ||     3
       Brand Weapon With |       |       |       |       |       |       |     1 |       |       ||     1
       Enter the Abyss   |       |       |       |       |       |       |       |     1 |       ||     1
Evoke: Wand              |       |       |       |     2 |    11 |    12 |     6 |    15 |       ||    46
       Phial of floods   |       |       |       |       |     1 |     1 |       |     3 |       ||     5
       Lightning rod     |       |       |       |       |     5 |       |       |       |       ||     5
       Condenser vane    |       |       |       |       |       |     3 |     3 |     2 |       ||     8
       Box of beasts     |       |       |       |       |       |       |     1 |     8 |       ||     9
       Tin of tremorston |       |       |       |       |       |       |       |     2 |       ||     2
       Phantom mirror    |       |       |       |       |       |       |       |     5 |       ||     5
       Horn of Geryon    |       |       |       |       |       |       |       |     1 |       ||     1
  Use: Scroll            |     1 |     1 |    12 |     5 |    15 |    10 |     8 |    30 |     1 ||    83
       Potion            |       |     2 |     3 |     5 |     6 |     5 |     6 |    34 |     1 ||    62
 Stab: Invisible         |       |       |       |     1 |     1 |       |     1 |     3 |       ||     6
       Confused          |       |       |       |       |       |     8 |       |       |       ||     8
       Distracted        |       |       |       |       |       |       |     1 |     3 |       ||     4
       Paralysed         |       |       |       |       |       |       |       |     4 |       ||     4
Armor: Plate armour      |    64 |    16 |       |       |       |       |       |       |       ||    80
       Leather armour    |     1 |       |       |       |       |       |       |       |       ||     1
       Skin              |       |    20 |       |       |       |       |       |       |       ||    20
       Chain mail        |       |    13 |       |       |       |       |    63 |   299 |       ||   375
       Ring mail         |       |    43 |   186 |   401 |   428 |       |       |       |       ||  1058
       Scale mail        |       |       |       |       |   459 |   934 |   701 |       |       ||  2094
       Quicksilver drago |       |       |       |       |       |       |       |   576 |    24 ||   600
Dodge: Dodged            |    24 |    66 |   166 |   321 |   692 |   531 |   448 |   637 |    30 ||  2915
Block: Buckler           |       |       |       |       |    35 |   394 |   191 |       |       ||   620
       Kite shield       |       |       |       |       |       |       |   546 |  1316 |    72 ||  1934
       Reflection        |       |       |       |       |       |       |    25 |       |       ||    25
